 Dungeon Crawl Stone Soup version 0.22-a0-995-g3b949e0 (webtiles) character file.

142 DireLemming the Insei (level 5, -9/33 HPs)
             Began as an Octopode Transmuter on May 19, 2020.
             Was a Follower of Cheibriados.
             Mangled by a wyvern zombie (14 damage)
             ... on level 3 of the Dungeon.
             The game lasted 00:06:48 (1494 turns).

DireLemming the Insei (Octopode Transmuter)         Turns: 1494, Time: 00:06:49

Health: -9/33      AC:  1    Str: 14    XL:     5   Next: 24%
Magic:  3/7        EV: 14    Int: 17    God:    Cheibriados [*.....]
Gold:   19         SH:  0    Dex: 15    Spells: 6/9 levels left

rFire    . . .     SeeInvis .     - Unarmed
rCold    . . .     Gourm    .   (no shield)
rNeg     . . .     Faith    .   (armour unavailable)
rPois    .         Spirit   .   (no helmet)
rElec    .         Reflect  .   (cloak unavailable)
rCorr    .         Harm     .   (gloves unavailable)
MR       +....                  (boots unavailable)
Stlth    +++.......             (no amulet)
HPRegen  0.11/turn              (ring unavailable)
MPRegen  0.10/turn              (ring unavailable)
                                e - +1 ring of evasion
                                g - ring of protection from magic
                                (no ring)
                                (no ring)
                                (no ring)
                                (no ring)
                                (no ring)
                                (no ring)

@: appendage, drained, very slow
A: almost no armour, stealthy swim, amphibious, 8 rings, constrict 8, tentacle
spike 3, camouflage 1, mutation resistance 1, strong 1, gelatinous body 1
a: End Transformation, Release Permanent Buffs, Bend Time, Renounce Religion


You were on level 3 of the Dungeon.
You worshipped Cheibriados.
Cheibriados was aware of your devotion.
You were not hungry.
You have taken no pledge.
One of your tentacles had a temporary spike.
You visited 1 branch of the dungeon, and saw 3 of its levels.

You collected 19 gold pieces.

Inventory:

Missiles
 a - 7 arrows
 m - 19 stones (quivered)
Jewellery
 e - a +1 ring of evasion (left tentacle)
 g - a ring of protection from magic (right tentacle)
Wands
 o - a wand of acid (8)
Scrolls
 d - 4 scrolls of identify {unknown}
 h - 2 scrolls of remove curse {unknown}
 i - a scroll of recharging {unknown}
 j - a scroll of fear {unknown}
 k - a scroll of magic mapping {unknown}
 r - a scroll of teleportation {unknown}
Potions
 p - a potion of might {unknown}
 q - a potion of heal wounds {unknown}
Comestibles
 c - 2 rations
 f - 5 chunks of flesh


   Skills:
 - Level 1.1(0.9) Fighting
 - Level 2.2(2.0) Dodging
 - Level 1.0(0.8) Stealth
 * Level 4.3(4.1) Unarmed Combat
 + Level 2.6(2.4) Spellcasting
 * Level 3.3(3.1) Transmutations


You had 6 spell levels left.
You knew the following spells:

 Your Spells              Type           Power        Failure   Level  Hunger
a - Beastly Appendage     Tmut           ##....       4%          1    #......
b - Sticks to Snakes      Tmut           ##......     8%          2    ##.....

Your spell library contained the following spells:

 Spells                   Type           Power        Failure   Level  Hunger
 Spider Form              Tmut/Pois      #.........   28%         3    ###....
 Blade Hands              Tmut           ##........   80%         5    ######.
 Ice Form                 Ice/Tmut       #.......     67%         4    #####..


Dungeon Overview and Level Annotations

Branches:
Dungeon (3/15)

Altars:
Cheibriados
Dithmenos


Innate Abilities, Weirdness & Mutations

You cannot wear most types of armour.
You are very stealthy in the water. (Stealth+)
You are amphibious.
You can wear up to eight rings at the same time.
You can use your tentacles to constrict eight enemies at once.
You have taken a different form.
Your skin changes colour to match your surroundings (Stealth+).
Your rubbery body absorbs attacks. (AC +1, EV +1)
One of your tentacles bears a large vicious spike.
You are somewhat resistant to further mutation.
Your muscles are strong. (Str +2)


Message History

You tentacle-slap the dart slug.
You pierce the dart slug, but do no damage.
The dart slug is heavily wounded.
You constrict the dart slug. You tentacle-slap the dart slug.
You kill the dart slug!
A wyvern zombie comes into view.
You see here a dart slug corpse.
You butcher the dart slug corpse.
You see here a chunk of flesh.
f - 5 chunks of flesh (gained 1)
Casting: Sticks to Snakes (safe; 8% risk of failure)
Confirm with . or Enter, or press ? or * to list all spells.
You create a snake!
You now have 8 arrows.
Casting: Sticks to Snakes (safe; 8% risk of failure)
Confirm with . or Enter, or press ? or * to list all spells.
You create a snake!
You now have 7 arrows.
The wyvern zombie bites you!
* * * LOW HITPOINT WARNING * * *
The wyvern zombie bites you!
You die...

#...#..#..######.#....####..
####.####.##...# #.##..###....
#.....###.####.####............
#..............<........####...
#.....###..................#...
####### ##..............÷..#...
###......S..........#)..
##.......Z...........))..
#..#....@...........#..†.
#..........S..........#....
#<...#................##...
#..###..[............###.## #.#
#.......##.....## #.# ##
#.....########## #.# #....)..
### #.....### #.....#


You could see a wyvern zombie and 2 friendly ball pythons.

Vanquished Creatures
  3 gnolls (D:3)
  3 adders
  An ooze (D:3)
  4 worms
  A dart slug (D:3)
  5 leopard geckos
  An orc (D:3)
  4 giant cockroaches
  5 goblins
  8 hobgoblins
  4 jackals (D:2)
  8 bats
  5 frilled lizards
  7 kobolds
  3 rats
62 creatures vanquished.

Vanquished Creatures (collateral kills)
  An orc (D:3)
1 creature vanquished.

Grand Total: 63 creatures vanquished

Notes
Turn   | Place    | Note
-------+----------+-------------------------------------------
     0 | D:1      | DireLemming the Octopode Transmuter began the quest for the Orb.
     0 | D:1      | Reached XP level 1. HP: 13/13 MP: 3/3
   190 | D:1      | Reached XP level 2. HP: 11/18 MP: 4/5
   442 | D:1      | Learned a level 2 spell: Sticks to Snakes
   522 | D:1      | Reached XP level 3. HP: 23/23 MP: 5/6
   524 | D:1      | Reached skill level 1 in Stealth
  1009 | D:2      | Reached XP level 4. HP: 27/28 MP: 6/7
  1094 | D:2      | Found a snail-covered altar of Cheibriados.
  1098 | D:2      | Became a worshipper of Cheibriados the Contemplative
  1271 | D:3      | Reached skill level 4 in Unarmed Combat
  1335 | D:3      | Reached XP level 5. HP: 6/33 MP: 6/8
  1337 | D:3      | Gained mutation: Your muscles are strong. (Str +2) [potion of mutation]
  1337 | D:3      | Gained mutation: You are somewhat resistant to further mutation. [potion of mutation]
  1407 | D:3      | Reached * piety under Cheibriados
  1458 | D:3      | Found a shadowy altar of Dithmenos.
  1494 | D:3      | Mangled by a wyvern zombie

Vault maps used:
D:1:      saegor_arrival_simple_b, corner_web_ring
D:2:      marbit_many_paths
D:3:      nicolae_dithmenos_through_a_glass_darkly, gup_sewer_entry_pipe,
          chequers_ecumenical_altar_island

Skill      XL: |  1  2  3  4 |
---------------+-------------+-----
Stealth        | 1 |  1.0
Unarmed Combat | 4 |  4.3
Transmutations | 3 |  3.3
Fighting       | |  1.1
Dodging        | |  2.2
Spellcasting   | |  2.6

Action                   |  1- 3 |  4- 6 || total
-------------------------+-------+-------++-------
Melee: Unarmed           |    76 |    54 ||   130
       Constrict         |    21 |    14 ||    35
       Tentacles         |    14 |    11 ||    25
       Kick              |    18 |    17 ||    35
       Punch             |     1 |     1 ||     2
 Cast: Beastly Appendage |     1 |       ||     1
       Sticks to Snakes  |     1 |     4 ||     5
  Use: Potion            |       |     3 ||     3
 Stab: Sleeping          |     4 |     2 ||     6
  Eat: Chunk             |       |     2 ||     2
Armor: Skin              |     8 |     7 ||    15
Dodge: Dodged            |    46 |    24 ||    70

Table legend:
 A = Spawn XP
 B = Non-spawn XP
 C = Spawn XP percentage of total XP
 D = Spawn monster count
 E = Non-spawn monster count
 F = Spawn count percentage of total count
 G = Total turns spent on level
                    A         B        C        D         E        F      G
               +---------+---------+-------+---------+---------+-------+---------
         Total |       0 |     203 |   0.0 |       0 |      63 |   0.0 |  1494
               +---------+---------+-------+---------+---------+-------+---------
           D:1 |       0 |      36 |   0.0 |       0 |      21 |   0.0 |   710
           D:2 |       0 |      69 |   0.0 |       0 |      21 |   0.0 |   551
           D:3 |       0 |      98 |   0.0 |       0 |      21 |   0.0 |   233
               +---------+---------+-------+---------+---------+-------+---------
